 Dungeon Crawl Stone Soup version 0.26-b1-32-g5d43845318 (webtiles) character file.

Game seed: 12725299587980108028

6556 Borgoz the Carver (level 11, -2/77 HPs)
             Began as a Halfling Fighter on Jan 9, 2021.
             Was a Believer of Kikubaaqudgha.
             Slain by a komodo dragon (16 damage)
             ... on level 9 of the Dungeon.
             The game lasted 00:25:16 (14016 turns).

Borgoz the Carver (Halfling Fighter)               Turns: 14016, Time: 00:25:17

Health: -2/77      AC: 15    Str: 23    XL:     11   Next: 20%
Magic:  0/16       EV: 11    Int:  6    God:    Kikubaaqudgha [**....]
Gold:   423        SH: 11    Dex: 18    Spells: 11/17 levels left

rFire    . . .     SeeInvis .   a - +0 long sword
rCold    + . .     Faith    .   c - +0 kite shield
rNeg     + . .     Spirit   +   C - +4 chain mail "Toytik" {rElec rN+}
rPois    .         Reflect  .   n - +1 hat
rElec    +         Harm     .   E - scarf {repulsion}
rCorr    .         Rampage  .   (no gloves)
Will     .....                  (no boots)
Stlth    ..........             r - amulet of guardian spirit
HPRegen  0.22/turn              x - ring of protection from cold
MPRegen  0.15/turn              y - +6 ring of strength

@: mighty, repel missiles
A: small, mutation resistance 1
a: Renounce Religion, Receive Corpses


You were on level 9 of the Dungeon.
You worshipped Kikubaaqudgha.
Kikubaaqudgha was pleased with you.
You visited 2 branches of the dungeon, and saw 10 of its levels.
You also visited: Sewer and Ossuary.

You collected 423 gold pieces.

Inventory:

Hand Weapons
 a - a +0 long sword (weapon)
 b - a +0 dagger of speed
 h - the +4 broad axe "Oruraa" {speed, rF- rC+ rN+ Str+2}
   (You took it off an orc warrior on level 5 of the Dungeon)

   Attacks with this weapon are significantly faster.
   It affects your strength (+2).
   It makes you vulnerable to fire.
   It protects you from cold.
   It protects you from negative energy.
 t - the +8 whip of Reason {pain, rElec rPois rN+ Dex+4}
   (You took it off an orc on level 5 of the Dungeon)

   In the hands of one skilled in necromantic magic, it inflicts extra damage on
   living creatures.
   It affects your dexterity (+4).
   It insulates you from electricity.
   It protects you from poison.
   It protects you from negative energy.
Armour
 c - a +0 kite shield (worn)
 d - the +0 scale mail of the Everdark {Int+6}
   (You found it on level 5 of the Dungeon)

   It affects your intelligence (+6).
 n - a +1 hat (worn)
 v - a +1 ring mail of cold resistance
 C - the +4 chain mail "Toytik" (worn) {rElec rN+}
   (You took it off an orc warrior on level 5 of the Dungeon)

   It insulates you from electricity.
   It protects you from negative energy.
 E - a scarf of repulsion (worn)
Jewellery
 m - an uncursed ring of protection from cold
 r - an amulet of guardian spirit (around neck)
 x - a ring of protection from cold (left hand)
 y - a +6 ring of strength (right hand)
Scrolls
 g - 8 scrolls of remove curse
 l - 4 scrolls of enchant weapon
 o - 3 scrolls of fear
 p - 2 scrolls of magic mapping
 q - 14 scrolls of teleportation
 s - 3 scrolls of blinking
 u - 2 scrolls of enchant armour
 B - a scroll of fog
Potions
 e - 7 potions of brilliance
 f - a potion of curing
 j - a potion of haste
 k - 2 potions of lignification
 w - 2 potions of might
 z - 3 potions of cancellation
 A - 8 potions of flight


   Skills:
 * Level 8.1 Fighting
 * Level 8.5 Long Blades
 + Level 7.1 Armour
 + Level 4.8 Dodging
 - Level 6.0 Shields
 + Level 3.9 Spellcasting
 + Level 4.3 Hexes


You had 11 spell levels left.
You knew the following spells:

 Your Spells              Type           Power        Failure   Level
a - Confusing Touch       Hex            6%           99%         3
b - Vampiric Draining     Necr           0%           100%        3

Your spell library contained the following spells:

 Spells                   Type           Power        Failure   Level
 Animate Skeleton         Necr           2%           100%        1
 Freeze                   Ice            4%           100%        1
 Pain                     Necr           4%           100%        1
 Sting                    Tmut/Pois      4%           100%        1
 Poisonous Vapours        Pois/Air       2%           100%        2
 Sublimation of Blood     Necr           0%           100%        2
 Frozen Ramparts          Ice            2%           100%        3
 Gell's Gravitas          Tloc           0%           100%        3
 Ignite Poison            Fire/Tmut/Pois 1%           100%        3
 Mephitic Cloud           Conj/Pois/Air  1%           100%        3
 Ozocubu's Armour         Ice            1%           100%        3
 Hailstorm                Conj/Ice       1%           100%        4
 Olgreb's Toxic Radiance  Pois           1%           100%        4
 Petrify                  Tmut/Erth      1%           100%        4
 Summon Ice Beast         Ice/Summ       1%           100%        4
 Metabolic Englaciation   Hex/Ice        1%           100%        5
 Yara's Violent Unravell  Hex/Tmut       1%           100%        5


Dungeon Overview and Level Annotations

Branches:
Dungeon (9/15)             Temple (1/1) D:4            Lair (0/6) D:8
  Sewer (visited)         Ossuary (visited)
    Orc: D:9-12

Altars:
Ashenzari
Cheibriados
Dithmenos
Elyvilon
Fedhas
Gozag
Hepliaklqana
Kikubaaqudgha
Makhleb
Nemelex Xobeh
Okawaru
Qazlal
Ru
Sif Muna
Trog
Uskayaw
Vehumet
Wu Jian
Xom
Yredelemnul
Zin
The Shining One
Beogh

Annotations:
D:8 exclusion: oklob plant


Innate Abilities, Weirdness & Mutations

You are small and have problems with some larger weapons.
You are somewhat resistant to further mutation.


Message History

The komodo dragon closely misses you. The troll bites you but does no damage.
You block the troll's attack. The troll claws you.
* * * LOW HITPOINT WARNING * * *
The komodo dragon barely misses you.
You closely miss the troll.
The troll is almost dead.
You block the troll's attack. x2; The troll claws you.
* * * LOW HITPOINT WARNING * * *
The komodo dragon closely misses you.
You riposte.
You slash the komodo dragon!
The komodo dragon is moderately wounded.
You slash the troll!
You kill the troll!
Kikubaaqudgha accepts your kill.
The troll leather armour is intact enough to wear.
You block the komodo dragon's attack.
You hit the komodo dragon.
The komodo dragon is heavily wounded.
The komodo dragon bites you!
You die...
Kikubaaqudgha rasps: "You have failed me!
Welcome... death!"

..#.......# #.<.........
#.#####.######......(#..
#...#...........
#.............
###.......[...
###.[.........
#.............
....####l####.. .### #@#
... #[####...
####........
#.....#.....
.....!.....#...
...........# ..
###..........
#.?....[.#..$
#############


You could see a komodo dragon.

Vanquished Creatures
  Pikel (D:7)
  The ghost of MTVSty1e the Cleaver, a novice GrFi (D:5)
  2 trolls
  6 yaks (D:9)
  A water moccasin (D:8)
  2 ice beasts
  2 sky beasts
  A black bear (D:9)
  2 orc warriors
  A necrophage (D:6)
  3 phantoms
  4 wolves (D:8)
  3 ogres
  6 centaurs
  2 bullfrogs (D:8)
  A wyvern skeleton (D:7)
  4 scorpions
  An oklob sapling (D:8)
  3 howler monkeys
  6 electric eels (D:8)
  A centaur zombie (D:7)
  A quasit (D:6)
  6 hounds
  A human zombie (Ossuary)
  3 jellies
  Crazy Yiuf (D:2)
  2 orc priests (D:5)
  An iguana (D:4)
  7 orc wizards
  10 worker ants
  A hound skeleton (D:4)
  3 mummies (Ossuary)
  8 gnolls
  A howler monkey skeleton (D:7)
  19 adders
  A shadow imp (D:6)
  5 white imps
  4 ufetubi
  5 oozes
  5 adder zombies
  An adder skeleton (D:6)
  5 worms
  2 dart slugs
  6 leopard geckos
  29 orcs
  12 giant cockroaches
  9 goblins
  8 hobgoblins
  11 jackals
  10 kobolds
  6 quokkas
  10 ball pythons
  9 bats
  9 frilled lizards
  A goblin zombie (Ossuary)
  5 hobgoblin zombies (Ossuary)
  2 kobold zombies (Ossuary)
  An orc zombie (Ossuary)
  2 quokka zombies (Ossuary)
  13 rats
  2 rat zombies (Ossuary)
290 creatures vanquished.

Vanquished Creatures (others)
  A bush (D:8)
  8 plants (D:8)
9 creatures vanquished.

Grand Total: 299 creatures vanquished

Notes
Turn   | Place    | Note
-------+----------+-------------------------------------------
     0 | D:1      | Borgoz the Halfling Fighter began the quest for the Orb.
     0 | D:1      | Reached XP level 1. HP: 15/15 MP: 1/1
    85 | D:1      | Reached XP level 2. HP: 20/20 MP: 2/2
   684 | D:1      | Reached XP level 3. HP: 23/26 MP: 3/3
   957 | D:1      | Reached XP level 4. HP: 31/31 MP: 4/4
  1255 | D:2      | Reached XP level 5. HP: 36/36 MP: 5/5
  1386 | D:2      | Learned a level 3 spell: Confusing Touch
  1464 | D:2      | Found a runed translucent door.
  1465 | D:2      | Noticed Crazy Yiuf
  1615 | D:2      | Found a white marble altar of Elyvilon.
  1725 | D:2      | Killed Crazy Yiuf
  2151 | D:3      | Found a sparkling altar of Nemelex Xobeh.
  2155 | D:3      | Found a shimmering blue altar of Sif Muna.
  2158 | D:3      | Found a bloodstained altar of Trog.
  2402 | D:3      | Reached XP level 6. HP: 29/43 MP: 3/6
  3538 | D:3      | Found an iron altar of Okawaru.
  3562 | D:4      | Found a staircase to the Ecumenical Temple.
  3570 | Temple   | Entered the Ecumenical Temple
  3791 | D:4      | Reached skill level 1 in Hexes
  3844 | D:4      | Found a sand-covered staircase.
  3851 | Ossuary  | Entered an ossuary
  3861 | Ossuary  | Reached skill level 1 in Spellcasting
  3861 | Ossuary  | Reached XP level 7. HP: 14/48 MP: 3/8
  5036 | D:5      | Entered Level 5 of the Dungeon
  5446 | D:5      | Reached XP level 8. HP: 44/54 MP: 8/10
  5699 | D:4      | Reached skill level 5 in Fighting
  5776 | D:4      | Reached skill level 5 in Long Blades
  6029 | D:4      | Reached skill level 5 in Shields
  6473 | D:5      | Got a translucent scale mail
  6484 | D:5      | Identified the +0 scale mail of the Everdark {Int+6} (You
                  | found it on level 5 of the Dungeon)
  6673 | D:5      | Reached skill level 5 in Armour
  6887 | D:5      | Reached skill level 1 in Dodging
  7083 | D:5      | Found a runed translucent gate.
  7084 | D:5      | Found a runed translucent gate.
  7105 | D:5      | Reached XP level 9. HP: 55/61 MP: 12/12
  7139 | D:5      | Found a runed translucent gate.
  7139 | D:5      | Identified the +8 whip of Reason {pain, rElec rPois rN+
                  | Dex+4}
  7140 | D:5      | Noticed MTVSty1e's ghost (novice GrFi)
  7141 | D:5      | Identified the +4 broad axe "Oruraa" {speed, rF- rC+ rN+
                  | Str+2}
  7141 | D:5      | Identified the +4 chain mail "Toytik" {rElec rN+}
  7148 | D:5      | Found a hazy altar of Hepliaklqana.
  7326 | D:5      | Found a stormy altar of Qazlal.
  7672 | D:5      | Found a roughly hewn altar of Beogh.
  7913 | D:6      | Found a glowing drain.
  7983 | Sewer    | Entered a sewer
  9675 | D:7      | Found a burning altar of Makhleb.
  9678 | D:7      | Found a hide-covered altar of Uskayaw.
  9683 | D:7      | Found an ancient bone altar of Kikubaaqudgha.
  9692 | D:7      | Became a worshipper of Kikubaaqudgha
  9699 | D:7      | Found an opulent altar of Gozag.
 10311 | D:7      | Noticed Pikel
 10336 | D:7      | Killed Pikel
 10337 | D:7      | Reached XP level 10. HP: 53/69 MP: 12/14
 10723 | D:7      | Found a snail-covered altar of Cheibriados.
 10811 | D:5      | Killed MTVSty1e's ghost
 11474 | D:8      | Reached * piety under Kikubaaqudgha
 11474 | D:8      | Identified Kikubaaqudgha's Compendium of Dark Magic
                  | (Kikubaaqudgha gifted it to you on level 8 of the Dungeon)
 11474 | D:8      | Received a gift from Kikubaaqudgha
 11578 | D:8      | Learned a level 3 spell: Vampiric Draining
 11620 | D:8      | Found a staircase to the Lair.
 12600 | D:8      | Found a basalt altar of Yredelemnul.
 12724 | D:8      | Found a white marble altar of Elyvilon.
 12839 | D:8      | Found a blossoming altar of Fedhas.
 12849 | D:8      | Noticed an oklob plant
 13141 | D:8      | Reached ** piety under Kikubaaqudgha
 13591 | D:9      | Reached XP level 11. HP: 56/76 MP: 10/16
 14016 | D:9      | Slain by a komodo dragon

Illustrated notes

Levels and vault maps discovered:
D:1:      lightli_iron_boxes, layout_loops_ring
D:2:      minmay_spotlight, layout_loops_ring, elyvilon_altar_3,
          uniq_crazy_yiuf_cottage
D:3:      minmay_bubble_buster, layout_basic, kennysheep_okawaru_gauntlet,
          grunt_temple_overflow_diamond
D:4:      layout_rooms, minmay_temple_entry_purple_smoke, enter_ossuary_2
D:5:      layout_basic, nzn_hepliaklqana_mist_gate,
          nicolae_qazlal_general_emergency, biasface_ghost_orc_armoury,
          minmay_fractal_squares_5
D:6:      layout_loops_cross, gup_sewer_entry_pipe
D:7:      layout_loops_ring, old_standard_altar,
          grunt_temple_overflow_cloverleaf, serial_glass, glass_columns_a,
          glass_columns_b, glass_columns_a, glass_columns_c, glass_columns_a,
          feat_on_display, uniq_pikel
D:8:      layout_rooms, kennysheep_ying_yang, erik_lair_island,
          introduction_to_nature_2
D:9:      layout_rooms, serial_shops, shop, uniq_psyche
Temple:   nicolae_temple_figure_zero

Skill      XL: |  1  2  3  4  5  6  7  8  9 10 11 |
---------------+----------------------------------+-----
Fighting       | 3 4 5 6 7 8 |  8.1
Long Blades    | 3 4 5 6 8 |  8.5
Shields        | 4 5 6 |  6.0
Armour         | 4 5 6 7 |  7.1
Hexes          | 1 2 3 4 |  4.3
Spellcasting   | 1 2 3 |  3.9
Dodging        | 1 3 4 |  4.8

Action                   |  1- 3 |  4- 6 |  7- 9 | 10-12 || total
-------------------------+-------+-------+-------+-------++-------
Melee: Long sword        |    64 |   240 |   703 |   504 ||  1511
       Unarmed           |       |     1 |       |       ||     1
Throw: Throwing net      |       |       |     2 |       ||     2
Evoke: Wand              |       |       |     1 |    14 ||    15
  Use: Scroll            |     1 |     8 |     8 |     2 ||    19
       Potion            |       |     3 |     4 |    10 ||    17
Armor: Scale mail        |    23 |    42 |       |       ||    65
       Ring mail         |       |    58 |   212 |    28 ||   298
       Chain mail        |       |       |       |   185 ||   185
Dodge: Dodged            |    31 |   116 |   270 |   237 ||   654
       Repelled          |       |       |       |     6 ||     6
Block: Kite shield       |    50 |   151 |   383 |   309 ||   893
       Rpst.: Long sword |    13 |    33 |    76 |    60 ||   182
